 Dungeon Crawl Stone Soup version 0.29-a0-474-gdfe5cd140f (webtiles) character file.

Game seed: 3055001806962649532

180 Bruhh the Gusty (level 5, 0/45 HPs)
             Began as an Ogre Air Elementalist on May 24, 2022.
             Killed by their own static electricity (3 damage)
             ... on level 3 of the Dungeon.
             The game lasted 00:03:47 (3186 turns).

Bruhh the Gusty (Ogre Air Elementalist)             Turns: 3186, Time: 00:03:47

Health: 0/45       AC:  3    Str: 12    XL:     5   Next: 60%
Magic:  0/11       EV:  9    Int: 18    God:
Gold:   58         SH:  0    Dex:  9    Spells: 9/12 levels left

rFire   . . .      SeeInvis .   b - +0 club
rCold   . . .      Faith    .   (no shield)
rNeg    . . .      Spirit   .   a - +0 robe
rPois   .          Reflect  .   (helmet restricted)
rElec   .          Harm     .   (no cloak)
rCorr   .          Rampage  .   (gloves unavailable)
Will    .....                   (boots unavailable)
Stlth   +.........              e - amulet of magic regeneration
HPRegen 0.15/turn               (no ring)
MPRegen 0.52/turn               (no ring)

@: very slightly contaminated
A: large, unfitting armour, tough skin 1
a: no special abilities


You were on level 3 of the Dungeon.
You visited 1 branch of the dungeon, and saw 3 of its levels.

You collected 58 gold pieces.

Inventory:

Hand Weapons
 b - a +0 club (weapon)
Armour
 a - a +0 robe (worn)
Jewellery
 e - an amulet of magic regeneration (around neck)
Scrolls
 c - 2 scrolls of identify {unknown}
 d - 2 scrolls of enchant weapon {unknown}
 f - a scroll of vulnerability {unknown}
 i - 2 scrolls of teleportation {unknown}
Potions
 g - a potion of attraction {unknown}
 h - a potion of haste {unknown}
 j - a potion of brilliance {unknown}


   Skills:
 - Level 1.7 Dodging
 - Level 1.4 Stealth
 - Level 4.0 Spellcasting
 + Level 2.4 Conjurations
 + Level 4.2 Air Magic


You had 9 spell levels left.
You knew the following spells:

 Your Spells              Type           Power      Damage    Failure   Level
a - Shock                 Conj/Air       60%        1d6       3%          1
b - Static Discharge      Conj/Air       15%        N/A       6%          2

Your spell library contained the following spells:

 Spells                   Type           Power      Damage    Failure   Level
 Swiftness                Air            18%        N/A       8%          3
 Freeze                   Ice            12%        1d4       14%         1
 Airstrike                Air            9%         N/A       26%         4
 Frozen Ramparts          Ice            6%         1d2       41%         3
 Hailstorm                Conj/Ice       7%         3d4       65%         4


Dungeon Overview and Level Annotations

Branches:
Dungeon (3/15)

Altars:
Gozag

Annotations:
D:2 1 runed translucent door, Crazy Yiuf


Innate Abilities, Weirdness & Mutations

You are too large for most types of armour.
You have tough skin. (AC +1)


Message History

Confirm with . or Enter, or press ? or * to list all spells.
The orc is struck by an arc of lightning!
You kill the orc!
You are struck by an arc of lightning.
The lightning grounds out.
Unknown command.
Casting: Static Discharge (safe; 6% risk of failure)
Confirm with . or Enter, or press ? or * to list all spells.
You can't see any susceptible monsters within range! (Use Z to cast anyway.)
You are too injured to fight recklessly!
Found a stone staircase leading up.
The orc priest calls down the wrath of Beogh upon you.
Pain shoots through your body!
* * * LOW HITPOINT WARNING * * *
Items here: )) [ †.
Casting: Static Discharge (safe; 6% risk of failure)
Confirm with . or Enter, or press ? or * to list all spells.
The orc priest is struck by an arc of lightning.
The orc priest is moderately wounded.
The lightning grounds out.
The orc priest invokes the aid of Beogh against you.
You struggle to resist.
Casting: Static Discharge (safe; 6% risk of failure)
Confirm with . or Enter, or press ? or * to list all spells.
You miscast Static Discharge.
You are very lightly contaminated with residual magic.
Nothing appears to happen.
The orc priest barely misses you.
Unknown command.
Casting: Static Discharge (safe; 6% risk of failure)
Confirm with . or Enter, or press ? or * to list all spells.
The orc priest is struck by an arc of lightning.
The orc priest is heavily wounded.
You are struck by an arc of lightning.
* * * LOW HITPOINT WARNING * * *
The lightning grounds out.
The orc priest barely misses you.
Casting: Static Discharge (safe; 6% risk of failure)
Confirm with . or Enter, or press ? or * to list all spells.
The orc priest is struck by an arc of lightning.
The orc priest is severely wounded.
You are struck by an arc of lightning.
You die...

..#.# #.#.###########.
#.#.##........#.#
#.#.##.######.#.#
#.#.##.#....#.#.#
#...##.##.#.#.#.#
##..##.##.#.#.#.#
#..##.##.#.#.#.######.#
#..##.##.#.#.#)@o.....#
#..##........#.#...#..#
##>######..###)#..<...#
#.# #..###.#.#.#..# #.#
#....#.#......#
#.#######.....### ####
#.#.........#.......
#.#.######..#.......
#.#.#....#..########


You could see an orc priest.

Vanquished Creatures
  A phantom (D:3)
  Terence (D:3)
  Robin (D:2)
  An adder (D:2)
  2 dart slugs (D:1)
  4 orcs (D:3)
  2 ball pythons
  5 endoplasms
  8 goblins
  7 hobgoblins
  5 jackals
  3 kobolds
  A quokka (D:2)
  2 frilled lizards
  4 rats
47 creatures vanquished.

Notes
Turn   | Place    | Note
-------+----------+-------------------------------------------
     0 | D:1      | Bruhh the Ogre Air Elementalist began the quest for the
                  | Orb.
     0 | D:1      | Reached XP level 1. HP: 16/16 MP: 3/3
    35 | D:1      | Found a faded altar of an unknown god.
   258 | D:1      | Reached XP level 2. HP: 4/24 MP: 4/6
  1350 | D:2      | Reached XP level 3. HP: 31/31 MP: 4/7
  1353 | D:2      | Learned a level 2 spell: Static Discharge
  1551 | D:2      | Found an opulent altar of Gozag.
  1853 | D:2      | Noticed Robin
  1860 | D:2      | Killed Robin
  1871 | D:2      | Reached XP level 4. HP: 13/39 MP: 0/10
  1894 | D:2      | Reached skill level 1 in Conjurations
  2361 | D:2      | Found a runed translucent door.
  2362 | D:2      | Noticed Crazy Yiuf
  2603 | D:3      | Noticed a phantom
  2644 | D:3      | Killed a phantom
  2645 | D:3      | Reached XP level 5. HP: 18/45 MP: 0/11
  3009 | D:3      | Noticed Terence
  3016 | D:3      | Killed Terence
  3186 | D:3      | Killed from afar by themself

Illustrated notes

Levels and vault maps discovered:
D:1:      dpeg_arrival_rooms_a, layout_basic, basic_ecumenical_altar,
          minmay_three_crescents
D:2:      layout_loops_ring, basic_altar, minmay_pentomino_u4,
          uniq_crazy_yiuf_cottage, uniq_robin
D:3:      layout_basic, kennysheep_crisscross, wad_floor_pattern_untrapped,
          uniq_terence

Skill      XL: |  1  2  3  4 |
---------------+-------------+-----
Spellcasting   | 3 4 |  4.0
Air Magic      | 3 4 |  4.2
Conjurations   | 2 |  2.4
Dodging        | |  1.7
Stealth        | |  1.4

Action                   |  1- 3 |  4- 6 || total
-------------------------+-------+-------++-------
Melee: Club              |    22 |    33 ||    55
       Unarmed           |     7 |       ||     7
 Cast: Shock             |    62 |    22 ||    84
       Static Discharge  |       |    16 ||    16
  Use: Potion            |     1 |     3 ||     4
Armor: Robe              |    16 |    20 ||    36
Dodge: Dodged            |    24 |    27 ||    51

Table legend: (Time is in decaauts)
 A = Elapsed time spent in this place.
 B = Non-inter-level travel time spent in this place.
 C = Inter-level travel time spent in this place.
 D = Time resting spent in this place.
 E = Time spent auto-exploring this place.
 F = Levels seen in this place.
 G = Mean time per level.
                   A        B        C        D        E       F      G
               +--------+--------+--------+--------+--------+-----+--------+
         Total |   3201 |   3137 |     64 |      0 |   2758 |   3 | 1067.0 |
       Dungeon |   3201 |   3137 |     64 |      0 |   2758 |   3 | 1067.0 |
               +--------+--------+--------+--------+--------+-----+--------+

Top non-repeatable levels by time:
     D:1: 1339 daAuts
     D:2: 1247 daAuts
     D:3: 614 daAuts
